 Dungeon Crawl Stone Soup version 0.24-a0-778-g74da537585 (webtiles) character file.

Game seed: 5818648617010365984, levelgen mode: deterministic

267 Bobub the Digger (level 6, -9/33 HPs)
             Began as a Gargoyle Earth Elementalist on Oct 6, 2019.
             Mangled by a gnoll
             ... wielding a +0 halberd
              (12 damage)
             ... on level 3 of the Dungeon on Oct 7, 2019.
             The game lasted 00:27:51 (5124 turns).

Bobub the Digger (Gargoyle Earth Elementalist)      Turns: 5124, Time: 00:27:52

Health: -9/33      AC:  8    Str: 12    XL:     6   Next: 21%
Magic:  5/12       EV: 12    Int: 17    God:
Gold:   123        SH:  0    Dex: 10    Spells: 2/13 levels left

rFire    + . .     SeeInvis .   (no weapon)
rCold    . . .     Gourm    .   (no shield)
rNeg     + . .     Faith    .   c - +2 robe
rPois    ∞         Spirit   .   (no helmet)
rElec    +         Reflect  .   (no cloak)
rCorr    .         Harm     .   (no gloves)
MR       .....                  (no boots)
Stlth    ++........             (no amulet)
HPRegen  0.11/turn              l - ring of fire
MPRegen  0.13/turn              q - ring of protection from cold

@: no status effects
A: negative energy resistance 1, electricity resistance, unbreathing,
petrification resistance, rot immunity, AC +4
a: no special abilities


You were on level 3 of the Dungeon.
You were hungry.

You visited 1 branch of the dungeon, and saw 3 of its levels.

You collected 123 gold pieces.

Inventory:

Hand Weapons
 b - a +0 hunting sling
 m - a +0 falchion
 n - a +0 hand axe
 o - a +0 mace
 r - a +2 dagger of flaming
Missiles
 f - 2 throwing nets
 k - 16 stones (quivered)
Armour
 c - a +2 robe (worn)
Jewellery
 l - a ring of fire (left hand)
 q - a ring of protection from cold (right hand)
Scrolls
 a - a scroll of immolation
 h - 2 scrolls of fog
Potions
 e - 3 potions of curing
 g - 2 potions of heal wounds
 i - a potion of lignification {unknown}
 j - a potion of resistance {unknown}
 p - a potion of might {unknown}
Comestibles
 d - a ration


   Skills:
 + Level 0.8 Fighting
 + Level 1.9 Dodging
 + Level 2.6 Stealth
 + Level 4.2 Spellcasting
 + Level 1.4 Conjurations
 + Level 0.7 Transmutations
 + Level 5.4 Earth Magic


You had 2 spell levels left.
You knew the following spells:

 Your Spells              Type           Power        Failure   Level  Hunger
a - Sandblast             Erth           ###...       1%          1    None
b - Passwall              Tmut/Erth      ##......     7%          2    ##.....
c - Stone Arrow           Conj/Erth      ###...       11%         3    ###....
d - Lee's Rapid Deconstr  Erth           ###.......   41%         5    ######.

Your spell library contained the following spells:

 Spells                   Type           Power        Failure   Level  Hunger
 Petrify                  Tmut/Erth      ##......     41%         4    ####...


Dungeon Overview and Level Annotations

Branches:
Dungeon (3/15)

Altars:
Elyvilon


Innate Abilities, Weirdness & Mutations

You are resistant to torment.
Your stone body is resilient. (AC +4)
You are immune to poison.
You resist negative energy. (rN+)
You are resistant to electric shocks. (rElec)
You can survive without breathing.
You are immune to petrification.
You are immune to rotting.


Message History

The gnoll completely misses you. The gnoll closely misses you.
You hit the gnoll but do no damage.
The gnoll is severely wounded.
The gnoll barely misses you. The gnoll closely misses you.
You barely miss the gnoll.
The gnoll is severely wounded.
The gnoll hits you with a +0 club.
* * * LOW HITPOINT WARNING * * *
The gnoll barely misses you.
You barely miss the gnoll.
The gnoll is severely wounded.
The gnoll hits you but does no damage.
You hit the gnoll.
You kill the gnoll!
The gnoll misses you. The gnoll closely misses you.
Things that are here:
a +0 club; a leopard gecko corpse You closely miss the gnoll.
The gnoll hits you with a +0 halberd!
You die...

#.# #.###.#)# #.# #.. ##.#
###.....<.# #.# #.. ≈≈.#
#≈#####.### ... #.# ≈#.#
##≈#####.#### #.###### #..
...#####.≈.##......# #.. ..# ###
.........≈.##.#.##>###.####.# #
)...###..≈.##.#.....##...##.#####
##..###.#≈###.####...............
........#≈###...@g.###.#.##.#####
.#..###.#≈#.######## #......# #
....##..###..# ##)..######.
.#....).....# #...≈≈≈≈≈≈≈
########...## #...#.≈..≈ ##..#
#...#.≈... ###### ##.# #...##..≈.
#.....# #)############...###...
#.....###....................##


You could see a gnoll.

Vanquished Creatures
  Jessica (D:2)
  Natasha (thrice) (D:2)
  3 gnolls (D:3)
  2 adders
  4 oozes
  2 worms
  8 dart slugs
  4 leopard geckos
  An orc (D:3)
  3 ball pythons (D:1)
  4 giant cockroaches
  8 goblins
  6 hobgoblins
  6 jackals
  A quokka (D:2)
  8 bats
  3 frilled lizards
  9 kobolds
  12 rats
88 creatures vanquished.

Notes
Turn   | Place    | Note
-------+----------+-------------------------------------------
     0 | D:1      | Bobub the Gargoyle Earth Elementalist began the quest for
                  | the Orb.
     0 | D:1      | Reached XP level 1. HP: 10/10 MP: 3/3
   142 | D:1      | Reached XP level 2. HP: 15/15 MP: 0/5
   145 | D:1      | Reached skill level 4 in Earth Magic
   245 | D:1      | Learned a level 2 spell: Passwall
   490 | D:1      | Reached XP level 3. HP: 19/19 MP: 1/6
   678 | D:1      | Learned a level 3 spell: Stone Arrow
   818 | D:2      | Noticed Jessica
   849 | D:2      | Killed Jessica
   849 | D:2      | Reached XP level 4. HP: 15/24 MP: 1/8
  1166 | D:2      | Noticed Natasha
  1176 | D:2      | Killed Natasha
  1269 | D:2      | Noticed Natasha
  1282 | D:2      | Killed Natasha
  1282 | D:2      | Reached XP level 5. HP: 23/28 MP: 5/10
  2827 | D:2      | Reached skill level 5 in Earth Magic
  2969 | D:2      | Noticed Natasha
  2977 | D:2      | Killed Natasha
  3385 | D:2      | Learned a level 5 spell: Lee's Rapid Deconstruction
  4365 | D:3      | Reached skill level 1 in Conjurations
  4858 | D:3      | Found a white marble altar of Elyvilon.
  4859 | D:3      | Reached XP level 6. HP: 33/33 MP: 8/12
  5102 | D:3      | Upgraded the game from 0.24-a0-769-g368c1644f8 to
                  | 0.24-a0-778-g74da537585
  5124 | D:3      | Mangled by a gnoll

Levels and vault maps discovered:
D:1:      lightli_arrival_flooded_house, layout_loops_ring
D:2:      layout_loops_corners, minmay_tromino_i2, uniq_natasha, uniq_jessica
D:3:      layout_loops_cross, nicolae_overflow_crystal_walls,
          grunt_temple_overflow_open, serial_rivers,
          chequers_serial_rivers_micro_a, chequers_serial_rivers_room_b,
          chequers_serial_rivers_micro_d, chequers_serial_rivers_small_b,
          chequers_serial_rivers_micro_e, chequers_serial_rivers_micro_a,
          hangedman_decor_opposing

Skill      XL: |  1  2  3  4  5 |
---------------+----------------+-----
Earth Magic    | 4 5 |  5.4
Spellcasting   | 3 4 |  4.2
Conjurations   | 1 |  1.4
Fighting       | |  0.8
Dodging        | |  1.9
Stealth        | |  2.6
Transmutations | |  0.7

Action                   |  1- 3 |  4- 6 || total
-------------------------+-------+-------++-------
Melee: Unarmed           |     9 |    25 ||    34
 Cast: Sandblast         |    39 |    22 ||    61
       Stone Arrow       |     1 |    70 ||    71
       Passwall          |       |     5 ||     5
       Lee's Rapid Decon |       |     1 ||     1
  Use: Scroll            |     4 |     4 ||     8
       Potion            |       |     1 ||     1
  Eat: Chunk             |       |    14 ||    14
       Ration            |       |     2 ||     2
Armor: Robe              |    18 |    59 ||    77
Dodge: Dodged            |    33 |   119 ||   152

Table legend:
 A = Non-vault XP
 B = Vault XP
 C = Vault XP percentage of total XP
 D = Non-vault monster count
 E = Vault monster count
 F = Vault count percentage of total count
                 A         B        C        D         E       F
            +---------+---------+-------+---------+---------+-------
      Total |     312 |      70 |  18.3 |      86 |       2 |   2.3
            +---------+---------+-------+---------+---------+-------
        D:1 |      72 |       0 |   0.0 |      36 |       0 |   0.0
        D:2 |     134 |      70 |  34.3 |      25 |       2 |   7.4
        D:3 |     106 |       0 |   0.0 |      25 |       0 |   0.0
            +---------+---------+-------+---------+---------+-------
